 Dungeon Crawl Stone Soup version 0.22.0-49-gab54619 (webtiles) character file.

135 Starchild the Slasher (level 4, -4/38 HPs)
             Began as a Draconian Monk on Sept 6, 2018.
             Slain by an orc warrior
             ... wielding a +0 long sword
              (25 damage)
             ... on level 3 of the Dungeon.
             The game lasted 00:04:52 (2121 turns).

Starchild the Slasher (Draconian Monk)              Turns: 2121, Time: 00:04:53

Health: -4/38      AC:  6    Str: 11    XL:     4   Next: 96%
Magic:  4/4        EV: 13    Int: 10    God:
Gold:   63         SH:  0    Dex: 14    Spells: 3/3 levels left

rFire    + . .     SeeInvis .   a - +0 falchion
rCold    . . .     Gourm    .   (no shield)
rNeg     . . .     Faith    .   (armour unavailable)
rPois    .         Spirit   .   (helmet restricted)
rElec    .         Reflect  .   d - +0 cloak
rCorr    .         Harm     .   (no gloves)
MR       .....                  (no boots)
Stlth    ++........             (no amulet)
HPRegen  0.12/turn              j - ring of protection from fire
MPRegen  0.09/turn              l - -3 ring of strength (curse)

@: no status effects
A: unfitting armour, cold-blooded, AC +5
a: no special abilities


You were on level 3 of the Dungeon.
You were not hungry.

You visited 1 branch of the dungeon, and saw 3 of its levels.

You collected 63 gold pieces.

Inventory:

Hand Weapons
 a - a +0 falchion (weapon)
Missiles
 h - 70 stones (quivered)
Armour
 d - a +0 cloak (worn)
Jewellery
 j - a ring of protection from fire (left hand)
 l - a cursed -3 ring of strength (right hand)
Scrolls
 c - 2 scrolls of identify
 f - a scroll of teleportation
 g - a scroll of remove curse
 m - 2 scrolls of enchant armour {unknown}
Potions
 e - 3 potions of heal wounds {unknown}
 i - a potion of flight {unknown}
 k - 3 potions of brilliance {unknown}
 n - a potion of might {unknown}
 o - a potion of curing {unknown}
 p - a potion of degeneration {unknown}
Comestibles
 b - 5 rations


   Skills:
 - Level 3.2 Fighting
 + Level 5.7 Long Blades
 - Level 2.6 Dodging
 - Level 1.7 Stealth


You had 3 spell levels left.
You didn't know any spells.
Your spell library was empty.

Dungeon Overview and Level Annotations

Branches:
Dungeon (3/15)

Altars:
Dithmenos


Innate Abilities, Weirdness & Mutations

Your plain brown scales are hard. (AC +5)
You cannot fit into any form of body armour.
You are cold-blooded and may be slowed by cold attacks.


Message History

You barely miss the orc warrior.
The orc warrior is lightly wounded.
The orc warrior misses you.
You hit the orc warrior but do no damage.
The orc warrior is lightly wounded.
The orc warrior closely misses you.
You riposte.
You hit the orc warrior.
The orc warrior is moderately wounded.
You hit the orc warrior but do no damage.
The orc warrior is moderately wounded.
The orc warrior hits you with a long sword!
You closely miss the orc warrior.
The orc warrior is moderately wounded.
You hit the orc warrior but do no damage.
The orc warrior is moderately wounded.
The orc warrior hits you with a long sword.
You barely miss the orc warrior.
The orc warrior is moderately wounded.
The orc warrior hits you with a long sword!!
Ouch! That really hurt!
You die...

####.########.####
..##..........#
#.##..#########
#.##).# #.##..#
#######.##..#
......roo.o.#
######o###.# #@#
#.# #.# #o# #.#
#o# #.# #.# #.#
#o# #.# #.# #.#
#o# ... ... #.#


You could see an orc warrior, 2 orcs and a quokka.

Vanquished Creatures
  A gnoll (D:1)
  8 adders
  4 dart slugs
  3 leopard geckos
  2 bats
  2 giant cockroaches (D:2)
  6 goblins
  4 hobgoblins
  3 frilled lizards (D:1)
  10 kobolds
  5 rats
48 creatures vanquished.

Notes
Turn   | Place    | Note
-------+----------+-------------------------------------------
     0 | D:1      | Starchild the Draconian Monk began the quest for the Orb.
     0 | D:1      | Reached XP level 1. HP: 19/19 MP: 1/1
   235 | D:1      | Reached XP level 2. HP: 26/26 MP: 2/2
   384 | D:1      | Reached skill level 4 in Long Blades
   410 | D:1      | Reached XP level 3. HP: 14/31 MP: 3/3
  1290 | D:2      | Reached XP level 4. HP: 38/38 MP: 4/4
  1389 | D:2      | Reached skill level 5 in Long Blades
  1607 | D:2      | Found a faded altar of an unknown god.
  1893 | D:3      | Found a shadowy altar of Dithmenos.
  2093 | D:3      | Noticed an orc warrior
  2121 | D:3      | Slain by an orc warrior

Skill      XL: |  1  2  3  4 |
---------------+-------------+-----
Long Blades    | 4 5 |  5.7
Fighting       | |  3.2
Dodging        | |  2.6
Stealth        | |  1.7

Action                   |  1- 3 |  4- 6 || total
-------------------------+-------+-------++-------
Melee: Falchion          |    87 |    79 ||   166
       Tailslap          |     9 |    14 ||    23
  Use: Scroll            |       |     2 ||     2
 Stab: Sleeping          |     5 |     1 ||     6
  Eat: Chunk             |     1 |     3 ||     4
Armor: Skin              |    15 |    15 ||    30
Dodge: Dodged            |    62 |    56 ||   118
       Rpst.: Falchion   |    20 |    19 ||    39
